[Event "ICC tourney 2355 (60 10)"]
[Site "Internet Chess Club"]
[Date "2021.01.31"]
[Round "5"]
[White "julians2012"]
[Black "ridikulous"]
[Result "1-0"]
[ICCResult "Black checkmated"]
[WhiteElo "750"]
[BlackElo "1046"]
[Opening "Vienna gambit"]
[ECO "C29"]
[NIC "VG.04"]
[Time "13:01:15"]
[PlyCount "147"]
[TimeControl "3600+10"]

1. e4 e5 2. Nc3 Nf6 3. f4 exf4 4. Nf3 Nc6 5. Be2 d6 6. h3 g6 7. d4 d5 8. e5
Nh5 9. Rg1 h6 10. g4 fxg3 11. Be3 Bxh3 12. Nd2 Bg7 13. Bxh5 gxh5 14. Qxh5
Be6 15. Rxg3 Bf8 16. O-O-O Qd7 17. Nb3 O-O-O 18. Nc5 Bxc5 19. dxc5 d4 20.
Bf2 Qe7 21. Ne4 Rd5 22. Rg5 Qd8 23. Rgg1 Rxe5 24. Qf3 Bd5 25. Rge1 f5 26.
Bxd4 fxe4 27. Qh3+ Kb8 28. Bxe5 Nxe5 29. Rxe4 Bxe4 30. Rxd8+ Rxd8 31. Qh4
Rd4 32. Qf6 Nc6 33. Qf8+ Rd8 34. Qxh6 Bf3 35. b3 a5 36. a4 Ka7 37. Kb2 Nb4
38. Qf6 Rd2 39. Qxf3 Rxc2+ 40. Ka1 Rxc5 41. Qf2 b6 42. Qd2 Rc2 43. Qd7 Rc3
44. Qf7 Ka6 45. Qf1+ Rd3 46. Kb2 b5 47. axb5+ Kxb5 48. Qf5+ Rd5 49. Qf1+
Rd3 50. Qf5+ c5 51. Qf2 c4 52. bxc4+ Kxc4 53. Qf4+ Kb5 54. Qb8+ Ka4 55.
Qe8+ Nc6 56. Qxc6+ Kb4 57. Qe4+ Kc5 58. Qxd3 a4 59. Qa3+ Kb5 60. Kc3 Ka5
61. Kc4 Kb6 62. Qxa4 Kc7 63. Qb5 Kd6 64. Kd4 Ke6 65. Ke4 Kf6 66. Kf4 Kg6
67. Kg4 Kh6 68. Kf5 Kh5 69. Qe5 Kh4 70. Qg7 Kh3 71. Kf4 Kh2 72. Kf3 Kh1 73.
Kf2 Kh2 74. Qh7# { Black checkmated } 1-0

[Event "ICC tourney 2355 (60 10)"]
[Site "Internet Chess Club"]
[Date "2021.01.31"]
[Round "5"]
[White "NYHernandez"]
[Black "Phineashrad"]
[Result "0-1"]
[ICCResult "White checkmated"]
[WhiteElo "1367"]
[BlackElo "962"]
[Opening "Scotch game"]
[ECO "C45"]
[NIC "SO.05"]
[Time "13:00:45"]
[PlyCount "118"]
[TimeControl "3600+10"]

1. e4 e5 2. Nf3 Nc6 3. d4 exd4 4. Nxd4 Bc5 5. Be3 Qf6 6. c3 Nge7 7. Bc4 Qg6
8. Qf3 Nxd4 9. cxd4 Bb4+ 10. Nc3 O-O 11. O-O d6 12. h3 Be6 13. Bb3 Bxb3 14.
axb3 Qe6 15. d5 Qd7 16. Qg3 Ng6 17. h4 Qe7 18. h5 Ne5 19. Bh6 f5 20. f4
Bc5+ 21. Kh1 Ng4 22. exf5 Nxh6 23. Rae1 Nxf5 24. Qg4 Qh4+ 25. Qxh4 Nxh4 26.
Re7 Bb6 27. Nb5 Nf5 28. Ree1 Ng3+ 29. Kh2 Nxf1+ 30. Rxf1 a6 31. Nc3 Bd4 32.
Rf3 Bxc3 33. bxc3 Rf5 34. g4 Rxd5 35. c4 Rd2+ 36. Kh3 b5 37. cxb5 axb5 38.
Kh4 c5 39. Kg5 c4 40. bxc4 bxc4 41. f5 Rd3 42. Rf2 c3 43. h6 gxh6+ 44. Kxh6
Rd2 45. Rf4 Rc8 46. f6 c2 47. f7+ Kf8 48. Rf1 Rd1 49. Rxd1 cxd1=Q 50. Kg5
Rc5+ 51. Kf4 Qd2+ 52. Ke4 Qd5+ 53. Ke3 Rc3+ 54. Kf4 Rc4+ 55. Ke3 Qe4+ 56.
Kf2 Rc3 57. Kg1 Rc2 58. Kf1 Qg2+ 59. Ke1 Qg1# { White checkmated } 0-1

[Event "ICC tourney 2355 (60 10)"]
[Site "Internet Chess Club"]
[Date "2021.01.31"]
[Round "5"]
[White "DiamondUnicorn"]
[Black "AntonCM"]
[Result "0-1"]
[ICCResult "White checkmated"]
[WhiteElo "1149"]
[BlackElo "1002"]
[Opening "English: Bremen, reverse dragon"]
[ECO "A22"]
[NIC "EO.10"]
[Time "13:00:32"]
[PlyCount "92"]
[TimeControl "3600+10"]

1. c4 e5 2. Nc3 Nf6 3. g3 d5 4. cxd5 Nxd5 5. Bg2 Be6 6. Nf3 Nc6 7. O-O Bc5
8. d3 Qd7 9. Bd2 O-O-O 10. a3 Bh3 11. Qc2 Nxc3 12. Bxc3 f6 13. Bxe5 Bxf2+
14. Rxf2 Bxg2 15. Rxg2 fxe5 16. Rc1 Kb8 17. b4 Rc8 18. Qb2 Rhe8 19. Qc3 a6
20. Rc2 Na7 21. Nxe5 Qe7 22. Nf3 Nb5 23. Qb3 Qe3+ 24. Kh1 Rf8 25. Qb2 Nd4
26. Qxd4 Rxf3 27. exf3 Qxd4 28. Rgd2 Qa1+ 29. Kg2 Qxa3 30. Rb2 c5 31. bxc5
Rxc5 32. Kf2 Rc3 33. Ke2 Qe7+ 34. Kf2 Qc5+ 35. Ke2 Qg1 36. g4 Qxh2+ 37. Ke3
Qe5+ 38. Kf2 Rc1 39. Re2 Qd4+ 40. Kg3 Rg1+ 41. Kh2 Rd1 42. Re8+ Ka7 43. Rg2
Qf4+ 44. Rg3 Rd2+ 45. Kg1 Qxg3+ 46. Kf1 Qf2# { White checkmated } 0-1

[Event "ICC tourney 2355 (60 10)"]
[Site "Internet Chess Club"]
[Date "2021.01.31"]
[Round "5"]
[White "cman-g"]
[Black "AndyHeffernan"]
[Result "0-1"]
[ICCResult "White checkmated"]
[WhiteElo "744"]
[BlackElo "620"]
[Opening "Giuoco Pianissimo"]
[ECO "C55"]
[NIC "IG.01"]
[Time "13:00:58"]
[PlyCount "160"]
[TimeControl "3600+10"]

1. e4 e5 2. Nf3 Nc6 3. Bc4 Nf6 4. d3 Bc5 5. O-O d6 6. h3 a6 7. Nc3 Bd7 8.
Bg5 O-O 9. Nd5 b5 10. Bb3 a5 11. Nxf6+ gxf6 12. Bh6 a4 13. Bxf8 Qxf8 14.
Bd5 Rc8 15. Nh2 Nb4 16. a3 Nxd5 17. exd5 Qg7 18. Ng4 Bxg4 19. Qxg4 Qxg4 20.
hxg4 Bd4 21. c3 Bb6 22. Rad1 c6 23. dxc6 Rxc6 24. d4 exd4 25. cxd4 Rc2 26.
Rc1 Rxb2 27. Rc8+ Kg7 28. Rc6 Bxd4 29. Rxd6 Bc5 30. Rd5 Bxa3 31. Ra1 Rb3
32. Kf1 Bb2 33. Rb1 a3 34. Re1 a2 35. Rdd1 Bc3 36. Re3 Ra3 37. Ra1 b4 38.
Rc1 a1=Q 39. Rxa1 Bxa1 40. Re4 b3 41. Rb4 b2 42. Ke1 Rc3 43. Kd2 Rc1 44.
Kd3 b1=Q+ 45. Rxb1 Rxb1 46. Ke3 Rb3+ 47. Ke2 Rb4 48. f3 Rxg4 49. fxg4 Kg6
50. Kf3 Kg5 51. Kg3 Be5+ 52. Kh3 f5 53. gxf5 Kxf5 54. Kh4 f6 55. g4+ Kg6
56. Kh3 Kg5 57. Kg2 Kxg4 58. Kg1 f5 59. Kg2 f4 60. Kg1 f3 61. Kh1 h5 62.
Kg1 Kg3 63. Kh1 h4 64. Kg1 Bd4+ 65. Kh1 Bg7 66. Kg1 f2+ 67. Kf1 Ba1 68. Ke2
Kg2 69. Ke3 f1=Q 70. Ke4 h3 71. Ke3 h2 72. Kd2 h1=Q 73. Ke3 Qf3+ 74. Kd2
Qf7 75. Kd3 Qf3+ 76. Kc4 Qh4+ 77. Kc5 Qf5+ 78. Kc6 Qh6+ 79. Kc7 Qf7+ 80.
Kd8 Qh8# { White checkmated } 0-1

[Event "ICC tourney 2355 (60 10)"]
[Site "Internet Chess Club"]
[Date "2021.01.31"]
[Round "5"]
[White "Criminaltacos"]
[Black "hannahchan"]
[Result "0-1"]
[ICCResult "White resigns"]
[WhiteElo "1208"]
[BlackElo "961"]
[Opening "King's Indian: 5.Nf3"]
[ECO "E90"]
[NIC "KI.21"]
[Time "13:00:24"]
[PlyCount "78"]
[TimeControl "3600+10"]

1. d4 Nf6 2. c4 g6 3. Nc3 Bg7 4. e4 d6 5. Nf3 O-O 6. Bf4 Re8 7. Bd3 Nc6 8.
d5 Nb4 9. a3 Nxd3+ 10. Qxd3 e5 11. Be3 Qe7 12. h3 Rf8 13. b4 Nd7 14. Qd2 f5
15. Bg5 Nf6 16. h4 Qf7 17. Bxf6 Qxf6 18. Qg5 Qxg5 19. hxg5 Bd7 20. O-O-O a6
21. Rh2 Rf7 22. Rdh1 Bf8 23. Nh4 Kg7 24. exf5 gxf5 25. g6 hxg6 26. Rh3 g5
27. Rg3 Be7 28. Ng6 Kxg6 29. Rgh3 Bf8 30. f3 Kf6 31. Rh8 Re8 32. Rg8 Bg7
33. Rxe8 Bxe8 34. g4 fxg4 35. fxg4 Bd7 36. Ne4+ Kg6 37. Rh5 Bh6 38. Rh1
Bxg4 39. c5 Bf3 { White resigns } 0-1

[Event "ICC tourney 2355 (60 10)"]
[Site "Internet Chess Club"]
[Date "2021.01.31"]
[Round "5"]
[White "augustha"]
[Black "Bananaville"]
[Result "0-1"]
[ICCResult "White checkmated"]
[WhiteElo "624"]
[BlackElo "809"]
[Opening "English opening"]
[ECO "A21"]
[NIC "EO.23"]
[Time "13:00:33"]
[PlyCount "178"]
[TimeControl "3600+10"]

1. c4 e5 2. Nc3 c6 3. Nf3 d6 4. g3 Nf6 5. Bg2 Bf5 6. O-O Be7 7. d3 Qd7 8.
a3 Bh3 9. b4 h6 10. Bd2 b6 11. Rb1 Qe6 12. Qc2 Nbd7 13. Qa2 O-O 14. Rfc1
Rfc8 15. Na4 Bxg2 16. Kxg2 Ng4 17. h3 Ngf6 18. b5 c5 19. Nc3 Nf8 20. a4 Ng6
21. a5 Rd8 22. Qb3 d5 23. cxd5 Nxd5 24. Nxd5 Rxd5 25. Ne1 e4 26. Qc4 exd3
27. Nxd3 Qd7 28. Bc3 Rd8 29. Rd1 Qb7 30. Kg1 Qd7 31. Kg2 bxa5 32. Bxa5 Qb7
33. Kg1 R8d7 34. Rdc1 Rh5 35. Qg4 Rg5 36. Qf3 Qxf3 37. exf3 Rxd3 38. f4
Nxf4 39. h4 Rg6 40. Re1 Bxh4 41. Re8+ Kh7 42. Re4 Rd4 43. Re5 Bf6 44. Rxc5
Ne2+ 45. Kg2 Nf4+ 46. Kg1 Ne6 47. Rc8 Rd8 48. Bxd8 Bxd8 49. Ra8 Bb6 50. Kg2
Rf6 51. f4 Nd4 52. Rb4 Rf5 53. Rf8 Kg6 54. Rc4 Nxb5 55. Rc6+ Kh7 56. Rc2
Nd4 57. Rcc8 Ne6 58. Rh8+ Kg6 59. Rhe8 a5 60. Ra8 Nc7 61. Rab8 Nxe8 62.
Rxb6+ Rf6 63. Rb8 Nd6 64. Ra8 Nc4 65. Kf3 Kf5 66. g4+ Ke6 67. Ke4 Nd6+ 68.
Kd4 Rxf4+ 69. Kc5 Rc4+ 70. Kb6 Nc8+ 71. Kxa5 Nd6 72. Ra6 Rxg4 73. Rb6 Ke7
74. Rb3 Rg5+ 75. Ka4 Rg4+ 76. Ka5 Nc4+ 77. Kb5 Kf6 78. Rf3+ Ke6 79. Kc6
Ne5+ 80. Kc5 Nxf3 81. Kc6 h5 82. Kb6 h4 83. Kc7 h3 84. Kd8 h2 85. Ke8 h1=Q
86. Kd8 Qd1+ 87. Kc7 Rc4+ 88. Kb6 Qb3+ 89. Ka6 Ra4# { White checkmated }
0-1

[Event "ICC tourney 2355 (60 10)"]
[Site "Internet Chess Club"]
[Date "2021.01.31"]
[Round "5"]
[White "siddharthbose"]
[Black "KenjiG"]
[Result "1-0"]
[ICCResult "Black checkmated"]
[WhiteElo "1232"]
[BlackElo "952"]
[Opening "Giuoco Pianissimo: Italian four knights variation"]
[ECO "C25"]
[NIC "VG.04"]
[Time "13:00:22"]
[PlyCount "157"]
[TimeControl "3600+10"]

1. e4 e5 2. Nc3 Nc6 3. Bc4 Bc5 4. Nf3 Nf6 5. d3 h6 6. h3 O-O 7. O-O d6 8.
Be3 Bb6 9. Qd2 Kh7 10. a3 Be6 11. Ba2 Bxa2 12. Rxa2 Qd7 13. b4 Nd4 14. Bxd4
exd4 15. Ne2 c5 16. bxc5 dxc5 17. a4 Qe6 18. Raa1 Rfe8 19. Nf4 Qd7 20. Rfb1
Rab8 21. a5 Bc7 22. Ne2 a6 23. Rb2 Bd6 24. Rab1 Qc7 25. Ra2 Nd7 26. Rba1
Ne5 27. Nxe5 Bxe5 28. Rb1 Re6 29. Kh1 Rf6 30. Rf1 Bf4 31. Nxf4 Qxf4 32.
Qxf4 Rxf4 33. f3 Kg6 34. Kh2 Rf6 35. Rb2 Re6 36. Rfb1 Re7 37. Rb6+ f6 38.
Rxa6 bxa6 39. Rxb8 Rc7 40. Rb6 Ra7 41. Rc6 Rb7 42. Rxc5 Rb2 43. Rc6 Ra2 44.
Rc5 Kf7 45. Rc4 Rxa5 46. Rxd4 Rc5 47. c4 a5 48. Rd7+ Kg6 49. Ra7 Kh7 50.
Kg1 Kg6 51. Kf2 Kh7 52. g4 Kg6 53. Ke3 Kh7 54. Kd4 Rc8 55. Rxa5 Rd8+ 56.
Rd5 Rc8 57. c5 Rc6 58. Rd6 Rc7 59. c6 Kg8 60. Kd5 Kf7 61. Rd7+ Rxd7+ 62.
cxd7 Ke7 63. Kc6 Kd8 64. f4 g6 65. e5 fxe5 66. fxe5 g5 67. e6 Ke7 68. Kc7
Kxe6 69. d8=Q Ke5 70. Qe7+ Kf4 71. Qe2 Kg3 72. Qe3+ Kg2 73. d4 Kf1 74. Qd2
Kg1 75. Kd6 Kf1 76. Ke5 Kg1 77. Ke4 Kf1 78. Kf3 Kg1 79. Qg2# { Black
checkmated } 1-0

[Event "ICC tourney 2355 (60 10)"]
[Site "Internet Chess Club"]
[Date "2021.01.31"]
[Round "6"]
[White "GabrielLoshak"]
[Black "mvasilyev"]
[Result "0-1"]
[ICCResult "White checkmated"]
[WhiteElo "517"]
[BlackElo "402"]
[Opening "Four knights: Italian variation"]
[ECO "C47"]
[NIC "KP.06"]
[Time "16:03:48"]
[PlyCount "28"]
[TimeControl "3600+10"]

1. e4 e5 2. Nf3 Nc6 3. Nc3 Nf6 4. Bc4 Nxe4 5. Nxe4 d5 6. Bd3 dxe4 7. Bxe4
Bd6 8. Bd3 O-O 9. Nh4 Qxh4 10. g3 Qf6 11. Qf3 Qxf3 12. Rf1 Nd4 13. a3 Bg4
14. Bc4 Qd1# { White checkmated } 0-1

[Event "ICC tourney 2355 (60 10)"]
[Site "Internet Chess Club"]
[Date "2021.01.31"]
[Round "6"]
[White "AidanMc2013"]
[Black "SKH2011"]
[Result "0-1"]
[ICCResult "White checkmated"]
[WhiteElo "464"]
[BlackElo "777"]
[Opening "Giuoco Piano"]
[ECO "C50"]
[NIC "IG.02"]
[Time "16:03:39"]
[PlyCount "126"]
[TimeControl "3600+10"]

1. e4 e5 2. Nf3 Nc6 3. Bc4 Bc5 4. O-O Nf6 5. Nc3 O-O 6. d3 h6 7. Be3 Bb6 8.
Nd5 Nxd5 9. exd5 Bxe3 10. fxe3 Na5 11. Nxe5 Nxc4 12. dxc4 d6 13. Ng4 Qg5
14. Rf4 Bxg4 15. Rxg4 Qxe3+ 16. Kh1 Rfe8 17. h3 Re4 18. Rxe4 Qxe4 19. Qf1
Qxc2 20. Rb1 Re8 21. a3 Qe2 22. Qxe2 Rxe2 23. b4 Rc2 24. c5 Rd2 25. cxd6
cxd6 26. b5 Rxd5 27. a4 Rd2 28. a5 d5 29. b6 axb6 30. Rxb6 Ra2 31. Rxb7
Rxa5 32. Rd7 Kf8 33. Rd8+ Ke7 34. Rb8 d4 35. Rb1 d3 36. Re1+ Kd6 37. Rd1
Rd5 38. Kg1 d2 39. Kf2 Ke5 40. Ke2 Kf4 41. Rxd2 Rxd2+ 42. Kxd2 Kg3 43. Ke2
Kxg2 44. h4 Kg3 45. h5 g6 46. hxg6 fxg6 47. Ke3 h5 48. Ke2 Kg2 49. Ke3 h4
50. Kf4 h3 51. Kg5 h2 52. Kxg6 h1=Q 53. Kf5 Qh4 54. Ke5 Qg4 55. Kd5 Qf4 56.
Kc5 Qe4 57. Kb5 Qd4 58. Ka5 Qb2 59. Ka6 Kf3 60. Ka5 Ke4 61. Ka6 Kd5 62. Ka5
Kc5 63. Ka4 Qb4# { White checkmated } 0-1

[Event "ICC tourney 2355 (60 10)"]
[Site "Internet Chess Club"]
[Date "2021.01.31"]
[Round "6"]
[White "lvasilyev"]
[Black "liuo30"]
[Result "0-1"]
[ICCResult "White checkmated"]
[WhiteElo "106"]
[BlackElo "831"]
[Opening "Two knights defense"]
[ECO "C55"]
[NIC "IG.01"]
[Time "16:03:41"]
[PlyCount "62"]
[TimeControl "3600+10"]

1. e4 e5 2. Nf3 Nc6 3. Bc4 Nf6 4. O-O Bc5 5. c3 Nxe4 6. d3 Nf6 7. Ng5 d5 8.
Bb3 h6 9. Nf3 e4 10. dxe4 dxe4 11. Ne1 e3 12. fxe3 Na5 13. Bd5 Nxd5 14. Qf3
f6 15. Qg3 g5 16. Qh3 Bxh3 17. gxh3 Nxe3 18. Bxe3 Bxe3+ 19. Kg2 Qd5+ 20.
Kg3 Qe5+ 21. Kg2 Qe4+ 22. Kg3 O-O-O 23. Rxf6 Qe5+ 24. Kg4 Qxf6 25. Kg3 Qf2+
26. Kg4 Qf4+ 27. Kh5 Rhg8 28. Ng2 Qf3+ 29. Kxh6 g4+ 30. Kh7 gxh3 31. Nh4
Qh5# { White checkmated } 0-1

[Event "ICC tourney 2355 (60 10)"]
[Site "Internet Chess Club"]
[Date "2021.01.31"]
[Round "6"]
[White "akhan123"]
[Black "ClarkSps77"]
[Result "1-0"]
[ICCResult "Black checkmated"]
[WhiteElo "764"]
[BlackElo "961"]
[Opening "Sicilian: Alapin's variation (2.c3)"]
[ECO "B22"]
[NIC "SI.46"]
[Time "16:03:33"]
[PlyCount "89"]
[TimeControl "3600+10"]

1. e4 c5 2. c3 Nc6 3. d4 cxd4 4. cxd4 Qa5+ 5. Nc3 d6 6. Bb5 a6 7. Ba4 b5 8.
Bc2 b4 9. Nce2 b3+ 10. Bd2 bxc2 11. Qxc2 Qb6 12. Nf3 Bb7 13. O-O Rc8 14.
Qd3 Nb4 15. Bxb4 Qxb4 16. e5 dxe5 17. dxe5 Bxf3 18. Qxf3 Qxb2 19. Rfd1 e6
20. Qe4 Bc5 21. Qa4+ Qb5 22. Qe4 Ne7 23. Rab1 Qc6 24. Qf4 Nd5 25. Qg5 O-O
26. Ng3 Rfd8 27. Nh5 g6 28. Nf6+ Kg7 29. Qh4 Nxf6 30. Qxf6+ Kf8 31. Rxd8+
Rxd8 32. Qxd8+ Kg7 33. Qf6+ Kh6 34. Rb3 Be3 35. fxe3 Qc1+ 36. Kf2 Qd2+ 37.
Kg3 Qe1+ 38. Kh3 Qe2 39. g4 Qxa2 40. g5+ Kh5 41. Qf3+ Kxg5 42. Qf6+ Kh6 43.
Rb4 Qxh2+ 44. Kxh2 Kh5 45. Rh4# { Black checkmated } 1-0

[Event "ICC tourney 2355 (60 10)"]
[Site "Internet Chess Club"]
[Date "2021.01.31"]
[Round "6"]
[White "Gabriel-PS165"]
[Black "arjunbps10"]
[Result "1-0"]
[ICCResult "Black checkmated"]
[WhiteElo "561"]
[BlackElo "919"]
[Opening "Caro-Kann: advance variation"]
[ECO "B12"]
[NIC "CK.02"]
[Time "16:03:31"]
[PlyCount "73"]
[TimeControl "3600+10"]

1. e4 c6 2. d4 d5 3. e5 c5 4. c3 Nc6 5. Nf3 Bg4 6. Bb5 cxd4 7. h3 Bxf3 8.
Qxf3 Qa5 9. Qxd5 Qb6 10. Bxc6+ Qxc6 11. Qxc6+ bxc6 12. cxd4 Rd8 13. Be3 e6
14. O-O Be7 15. Nc3 f6 16. g4 fxe5 17. dxe5 a6 18. f4 Rd3 19. Rf3 Bc5 20.
Re1 Nh6 21. Kg2 O-O 22. Bxc5 Rxf3 23. Kxf3 Rb8 24. b3 Rb5 25. Nxb5 axb5 26.
a4 Kf7 27. axb5 cxb5 28. f5 exf5 29. gxf5 Nxf5 30. e6+ Ke8 31. Kg4 g6 32.
h4 h6 33. h5 Ng7 34. hxg6 Nh5 35. Kxh5 Kd8 36. g7 Ke8 37. g8=Q# { Black
checkmated } 1-0

[Event "ICC tourney 2355 (60 10)"]
[Site "Internet Chess Club"]
[Date "2021.01.31"]
[Round "6"]
[White "AndyHeffernan"]
[Black "NYHernandez"]
[Result "0-1"]
[ICCResult "White checkmated"]
[WhiteElo "620"]
[BlackElo "1367"]
[Opening "Sicilian: closed, 2...Nc6"]
[ECO "B23"]
[NIC "SI.44"]
[Time "16:03:47"]
[PlyCount "38"]
[TimeControl "3600+10"]

1. e4 c5 2. Nc3 Nc6 3. Bb5 g6 4. Bxc6 bxc6 5. d3 Bg7 6. Bd2 d5 7. exd5 cxd5
8. Nge2 Nf6 9. O-O O-O 10. Be3 d4 11. Bxd4 cxd4 12. Nb5 Rb8 13. Nexd4 a6
14. Nc6 Qb6 15. Nxb8 axb5 16. c4 bxc4 17. dxc4 Qxb8 18. b3 Ng4 19. Rb1
Qxh2# { White checkmated } 0-1

[Event "ICC tourney 2355 (60 10)"]
[Site "Internet Chess Club"]
[Date "2021.01.31"]
[Round "6"]
[White "kevinxps10"]
[Black "Lkonzelmann"]
[Result "0-1"]
[ICCResult "White checkmated"]
[WhiteElo "995"]
[BlackElo "386"]
[Opening "Giuoco Piano"]
[ECO "C50"]
[NIC "IG.02"]
[Time "16:03:32"]
[PlyCount "146"]
[TimeControl "3600+10"]

1. e4 e5 2. Nf3 Nc6 3. Bc4 Bc5 4. Nc3 h6 5. d3 Nf6 6. Bd2 d6 7. h3 O-O 8.
Qc1 Nh7 9. O-O Be6 10. Bb3 Nd4 11. Nxd4 Bxd4 12. Bxe6 fxe6 13. Ne2 Bb6 14.
Ng3 Qf6 15. Be3 Qh4 16. Kh2 Bxe3 17. Qxe3 Qg5 18. Qxg5 Nxg5 19. Ne2 Rf7 20.
Kg1 Raf8 21. Nc3 Nh7 22. Nb5 a6 23. Nc3 Nf6 24. g3 Nd7 25. Kg2 Nb6 26. Rae1
c6 27. f3 Kh7 28. Re2 Kg6 29. Ref2 Nd7 30. f4 b5 31. a3 Nc5 32. b4 Na4 33.
Nxa4 bxa4 34. fxe5 Rxf2+ 35. Rxf2 Rxf2+ 36. Kxf2 dxe5 37. Kf3 Kg5 38. Ke3
h5 39. c4 h4 40. g4 Kf6 41. d4 g6 42. dxe5+ Kxe5 43. c5 g5 44. Kd3 Kf4 45.
Kd4 Kg3 46. Ke5 Kxh3 47. Kd6 Kxg4 48. Kxc6 h3 49. Kb6 h2 50. c6 h1=Q 51. c7
Qh8 52. Kb7 Kf3 53. c8=Q Qxc8+ 54. Kxc8 g4 55. Kb7 g3 56. Kxa6 g2 57. b5
g1=Q 58. b6 Qf1+ 59. Ka7 Kxe4 60. b7 Qf2+ 61. Ka8 Qf8+ 62. b8=Q Qxb8+ 63.
Kxb8 Kf4 64. Kc7 e5 65. Kb6 e4 66. Kb5 e3 67. Kxa4 e2 68. Kb5 e1=Q 69. a4
Ke5 70. a5 Kd6 71. Kb6 Qb4+ 72. Ka7 Kc7 73. a6 Qb8# { White checkmated }
0-1

[Event "ICC tourney 2355 (60 10)"]
[Site "Internet Chess Club"]
[Date "2021.01.31"]
[Round "6"]
[White "KenjiG"]
[Black "santiagoF-hces"]
[Result "1-0"]
[ICCResult "Black resigns"]
[WhiteElo "952"]
[BlackElo "326"]
[Opening "Giuoco Piano"]
[ECO "C54"]
[NIC "IG.02"]
[Time "16:03:30"]
[PlyCount "57"]
[TimeControl "3600+10"]

1. e4 e5 2. Nf3 Nc6 3. Bc4 Bc5 4. c3 Nf6 5. d3 O-O 6. O-O a6 7. Re1 b5 8.
Bb3 Re8 9. Nbd2 d5 10. exd5 Nxd5 11. d4 Bb6 12. dxe5 Bg4 13. h3 Bh5 14. Qc2
Bxf3 15. Nxf3 Bc5 16. Rd1 Nce7 17. c4 bxc4 18. Qxc4 c6 19. Qxc5 Qb6 20.
Qxb6 Nxb6 21. Be3 Nd7 22. Rxd7 Rad8 23. Rad1 Rxd7 24. Rxd7 Kf8 25. Bc5 f6
26. Kh2 fxe5 27. Nxe5 a5 28. f4 g6 29. g4 { Black resigns } 1-0

[Event "ICC tourney 2355 (60 10)"]
[Site "Internet Chess Club"]
[Date "2021.01.31"]
[Round "6"]
[White "Phineashrad"]
[Black "Finemerryjuice"]
[Result "1-0"]
[ICCResult "Black checkmated"]
[WhiteElo "962"]
[BlackElo "1186"]
[Opening "Caro-Kann: advance variation"]
[ECO "B12"]
[NIC "CK.02"]
[Time "16:03:45"]
[PlyCount "101"]
[TimeControl "3600+10"]

1. e4 c6 2. d4 d5 3. e5 c5 4. Nf3 Nc6 5. Nc3 Bf5 6. Bb5 e6 7. Be3 Qb6 8.
O-O a6 9. Bxc6+ bxc6 10. Rb1 Bg4 11. h3 Bxf3 12. dxc5 Bxd1 13. cxb6 Bxc2
14. Rbc1 Bg6 15. Na4 f6 16. exf6 Nxf6 17. Rxc6 Be7 18. b7 Rb8 19. Rc8+ Kf7
20. Rfc1 d4 21. Bf4 Nd7 22. Bxb8 Nxb8 23. Rxh8 Nd7 24. b8=Q Nxb8 25. Rxb8
d3 26. Rd1 Bg5 27. g3 d2 28. f4 Bc2 29. Rxd2 Bxa4 30. fxg5 Kg6 31. h4 e5
32. b3 Bd7 33. Rxd7 e4 34. Re8 e3 35. Rxe3 h6 36. Rd6+ Kf5 37. gxh6 g6 38.
Rf3+ Kg4 39. h7 g5 40. h8=Q a5 41. Qc8+ Kxf3 42. Rf6+ Kxg3 43. Qc3+ Kxh4
44. Rh6+ Kg4 45. Qd4+ Kg3 46. Re6 g4 47. Re3+ Kh4 48. Qg7 Kh5 49. Rg3 a4
50. Qxg4+ Kh6 51. Qg6# { Black checkmated } 1-0

[Event "ICC tourney 2355 (60 10)"]
[Site "Internet Chess Club"]
[Date "2021.01.31"]
[Round "6"]
[White "santiagorondeau"]
[Black "avs12"]
[Result "1-0"]
[ICCResult "Black checkmated"]
[WhiteElo "1069"]
[BlackElo "839"]
[Opening "Scotch gambit"]
[ECO "C44"]
[NIC "SO.06"]
[Time "16:03:35"]
[PlyCount "63"]
[TimeControl "3600+10"]

1. e4 e5 2. Nf3 Nc6 3. d4 exd4 4. Bc4 d6 5. Nxd4 Nf6 6. O-O Be7 7. Nxc6
bxc6 8. Bf4 O-O 9. Nc3 Be6 10. Bb3 Bg4 11. f3 Bh5 12. Qe2 Qd7 13. Rad1 Rfe8
14. e5 Nd5 15. Nxd5 cxd5 16. Rxd5 Qc6 17. Qd2 dxe5 18. Rxe5 Bc5+ 19. Kh1
Rxe5 20. Bxe5 Qb5 21. c4 Qb6 22. Qf4 Be3 23. Qg3 f6 24. c5+ Qxb3 25. axb3
Bxc5 26. Bxc7 Rc8 27. Bd6 Bd4 28. Rd1 Rc6 29. Bf4 Bxb2 30. Rd8+ Kf7 31. Qh3
g6 32. Qd7# { Black checkmated } 1-0

[Event "ICC tourney 2355 (60 10)"]
[Site "Internet Chess Club"]
[Date "2021.01.31"]
[Round "6"]
[White "Ninjastar16"]
[Black "DavidNest"]
[Result "0-1"]
[ICCResult "White checkmated"]
[WhiteElo "1308"]
[BlackElo "1229"]
[Opening "QP counter-gambit (elephant gambit)"]
[ECO "C40"]
[NIC "KP.10"]
[Time "16:05:23"]
[PlyCount "58"]
[TimeControl "3600+10"]

1. e4 e5 2. Nf3 d5 3. exd5 e4 4. Qe2 Nf6 5. Nc3 Bf5 6. d3 Bb4 7. dxe4 Nxe4
8. Qb5+ Nc6 9. dxc6 Nxc3 10. cxb7+ Nxb5+ 11. c3 Nxc3 12. bxa8=Q Qxa8 13.
bxc3 Bxc3+ 14. Bd2 Bxa1 15. Be2 O-O 16. O-O Bf6 17. Rc1 Re8 18. Bb5 Rd8 19.
Rxc7 Be4 20. Bc4 Bxf3 21. gxf3 Rxd2 22. Rxf7 Kh8 23. Bb3 h6 24. Kf1 Qxf3
25. Rf8+ Kh7 26. Bg8+ Kg6 27. Bf7+ Kg5 28. h4+ Kxh4 29. Bd5 Qxf2# { White
checkmated } 0-1

[Event "ICC tourney 2355 (60 10)"]
[Site "Internet Chess Club"]
[Date "2021.01.31"]
[Round "6"]
[White "littleknightie"]
[Black "Criminaltacos"]
[Result "0-1"]
[ICCResult "White checkmated"]
[WhiteElo "753"]
[BlackElo "1208"]
[Opening "French: exchange variation"]
[ECO "C01"]
[NIC "FR.01"]
[Time "16:03:45"]
[PlyCount "84"]
[TimeControl "3600+10"]

1. e4 e6 2. d4 d5 3. exd5 exd5 4. Nc3 Nf6 5. Nf3 Nc6 6. Bb5 Bg4 7. h3 Bxf3
8. Qxf3 a6 9. Bxc6+ bxc6 10. O-O Be7 11. Qg3 Qd7 12. Qxg7 Rg8 13. Qh6 Rg6
14. Qe3 O-O-O 15. Na4 Rdg8 16. Nc5 Qd6 17. g3 Nh5 18. Qb3 Rxg3+ 19. fxg3
Rxg3+ 20. Kh1 Rxb3 21. axb3 Ng3+ 22. Kg1 Nxf1 23. Kxf1 Qf6+ 24. Ke1 Bxc5
25. dxc5 Qh4+ 26. Kd1 Qd4+ 27. Ke2 Qxc5 28. Kd3 Kd7 29. Rxa6 Qb5+ 30. Kd2
Qxa6 31. c4 dxc4 32. bxc4 Qxc4 33. Ke3 Qxc1+ 34. Ke4 Ke6 35. Kd4 Qxb2+ 36.
Ke4 Qb3 37. Kf4 c5 38. Ke4 c4 39. Kd4 c3 40. Ke4 c2 41. Kd4 c1=Q 42. Ke4
Qcc4# { White checkmated } 0-1

[Event "ICC tourney 2355 (60 10)"]
[Site "Internet Chess Club"]
[Date "2021.01.31"]
[Round "6"]
[White "C31chessP"]
[Black "megaespeon"]
[Result "1-0"]
[ICCResult "Black checkmated"]
[WhiteElo "955"]
[BlackElo "563"]
[Opening "Caro-Kann: advance variation"]
[ECO "B12"]
[NIC "CK.04"]
[Time "16:03:31"]
[PlyCount "61"]
[TimeControl "3600+10"]

1. e4 c6 2. d4 d5 3. e5 Bf5 4. Bd3 Bxd3 5. Qxd3 e6 6. Nc3 Ne7 7. Bf4 Nd7 8.
O-O-O c5 9. Nf3 c4 10. Qe3 Nc6 11. Kb1 Be7 12. Rdg1 Qb6 13. Qe2 Ba3 14. b3
cxb3 15. cxb3 O-O-O 16. Rd1 Be7 17. Rd2 Bb4 18. Rc2 Bxc3 19. Rxc3 Qb4 20.
Qc2 Kb8 21. Bd2 Rc8 22. Rxc6 Qxb3+ 23. Qxb3 Rxc6 24. Ka1 Rb6 25. Qa3 Ra6
26. Qe7 Kc7 27. Qxf7 Rf8 28. Qxg7 b5 29. Rc1+ Kd8 30. Bg5+ Ke8 31. Rc8# {
Black checkmated } 1-0

[Event "ICC tourney 2355 (60 10)"]
[Site "Internet Chess Club"]
[Date "2021.01.31"]
[Round "6"]
[White "Leochess2020"]
[Black "Hillel-2012"]
[Result "1-0"]
[ICCResult "Black resigns"]
[WhiteElo "894"]
[BlackElo "110"]
[Opening "Sicilian defense"]
[ECO "B32"]
[NIC "SI.32"]
[Time "16:03:29"]
[PlyCount "83"]
[TimeControl "3600+10"]

1. e4 c5 2. Nf3 Nc6 3. d4 cxd4 4. Nxd4 Nxd4 5. Qxd4 e6 6. Bc4 Ne7 7. O-O d5
8. Bb5+ Bd7 9. Bxd7+ Qxd7 10. Rd1 O-O-O 11. Qc5+ Kb8 12. Bf4+ Ka8 13. Be3
Nc6 14. Qb5 d4 15. Bf4 Bd6 16. e5 a6 17. Qa4 Bxe5 18. Bxe5 Nxe5 19. Qb3 h5
20. a4 Rh6 21. Ra3 Rg6 22. Qh3 Qc6 23. b4 Nf3+ 24. Qxf3 Qxf3 25. Rxf3 f6
26. Nd2 Rc8 27. Rc1 e5 28. c3 Rc4 29. Nb3 dxc3 30. Rfxc3 Rxb4 31. a5 Rbg4
32. g3 h4 33. Rc8+ Ka7 34. R1c7 hxg3 35. fxg3 e4 36. Nc5 Rxg3+ 37. hxg3
Rxg3+ 38. Kf2 Rb3 39. Nxb3 e3+ 40. Kxe3 f5 41. Nc5 f4+ 42. Kxf4 { Black
resigns } 1-0